 Dungeon Crawl Stone Soup version 0.18-a0-1800-gdc7a371 (webtiles) character file.

1502 Kilingo the Purveyor of Pain (level 8, -1/64 HPs)
             Began as a Deep Dwarf Necromancer on Apr 25, 2016.
             Was an Initiate of Kikubaaqudgha.
             Slain by an angel
             ... wielding a +2 sacred scourge of holy wrath
             ... created by the Shining One
              (22 damage)
             ... on level 5 of the Dungeon.
             The game lasted 01:26:16 (5043 turns).

Kilingo the Purveyor of Pain (DDNe)                 Turns: 5043, Time: 01:26:17

Health: -1/64      AC:  7    Str:  8 (11) XL:     8   Next: 52%
Magic:  15/16      EV: 13    Int: 15 (18) God:    Kikubaaqudgha [......]
Gold:   220        SH:  0    Dex: 12 (14) Spells: 6 memorised, 4 levels left

rFire  . . .     SeeInvis .     a - +2 dagger (drain)
rCold  . . .     Gourm    .     C - +0 leather armour
rNeg   . . .     Faith    .     (no shield)
rPois  .         Spirit   .     (no helmet)
rElec  .         Dismiss  .     (no cloak)
rCorr  .         Reflect  .     h - +1 pair of gloves
SustAt .         Harm     .     j - +1 pair of boots
MR     +....                    (no amulet)
Stlth  +.........               (no ring)
                                (no ring)

@: very slightly contaminated, non-regenerating, glowing, somewhat resistant to
hostile enchantments, very unstealthy
A: damage resistance, recharge devices, sense surroundings 1, slow regeneration
3
a: Device Recharging, Renounce Religion


You were on level 5 of the Dungeon.
You worshipped Kikubaaqudgha.
Kikubaaqudgha was noncommittal.
You were not hungry.

You visited 2 branches of the dungeon, and saw 6 of its levels.

You collected 220 gold pieces.

Inventory:

Hand Weapons
 a - a +2 dagger of draining (weapon)
 b - a +2 falchion of holy wrath
Missiles
 E - 8 tomahawks (quivered)
Armour
 h - a +1 pair of gloves (worn)
 j - a +1 pair of boots (worn)
 C - a +0 leather armour (worn)
Jewellery
 e - an uncursed amulet of dismissal {unknown}
 o - a cursed ring of teleportation {unknown}
 v - an uncursed ring of positive energy {unknown}
 z - an uncursed amulet of the gourmand {unknown}
Wands
 c - a wand of heal wounds (1/9)
 F - a wand of paralysis (13/24)
Scrolls
 i - a scroll of enchant armour
 k - a scroll of teleportation
 r - 2 scrolls of enchant weapon {unknown}
 D - a scroll of magic mapping {unknown}
 J - a scroll of blinking
Potions
 q - a potion of flight
 B - a potion of magic
Books
 y - a book of Necromancy

   Spells                             Type                      Level
   a - Pain                           Necromancy                   1
   b - Animate Skeleton               Necromancy                   1
   c - Vampiric Draining              Necromancy                   3
   d - Regeneration                   Charms/Necromancy            3
   e - Animate Dead                   Necromancy                   4
   f - Control Undead                 Necromancy                   4
 G - a book of Cantrips

   Spells                             Type                      Level
   a - Corona                         Hexes                        1
   b - Animate Skeleton               Necromancy                   1
   c - Summon Small Mammal            Summoning                    1
   d - Apportation                    Translocation                1
Comestibles
 d - 4 bread rations
 n - a meat ration
 t - a slice of pizza
 u - 3 fruits


   Skills:
 + Level 1.5 Fighting
 - Level 0.1(0.7) Short Blades
 + Level 1.4 Long Blades
   Level 0.2(0.7) Slings
 + Level 0.8(0.9) Throwing
 + Level 2.5 Armour
 + Level 4.5 Dodging
 + Level 3.1 Stealth
 + Level 5.5 Spellcasting
 + Level 2.2 Summonings
 + Level 7.5 Necromancy
 + Level 1.1 Evocations


You had 4 spell levels left.
You knew the following spells:

 Your Spells              Type           Power        Failure   Level  Hunger
a - Pain                  Necr           ####         1%          1    None
b - Animate Skeleton      Necr           N/A          1%          1    None
c - Vampiric Draining     Necr           ####......   3%          3    ###....
d - Animate Dead          Necr           N/A          12%         4    ####...
e - Summon Small Mammal   Summ           ##..         10%         1    None
f - Control Undead        Necr           ####......   12%         4    ####...


Dungeon Overview and Level Annotations

Branches:
Dungeon (5/15)             Temple (1/1) D:4

Altars:
Cheibriados
Elyvilon
Fedhas
Gozag
Kikubaaqudgha
Nemelex Xobeh
Qazlal
Yredelemnul
The Shining One


Innate Abilities, Weirdness & Mutations

You are resistant to damage.
You can recharge devices by infusing magical energy.
You passively map a small area around you.
You do not regenerate naturally.


Message History

Press: ? - help, Shift-Dir - straight line, f - angel
Aim: an angel, wielding a sacred scourge of holy wrath and wearing a robe (durably summoned, haloed)
You throw a throwing net.
The throwing net closely misses the angel.
Throwing (i - inventory. (,) - cycle):
l - a throwing net (quivered)
Press: ? - help, Shift-Dir - straight line, f/p - angel
Aim: an angel, wielding a sacred scourge of holy wrath and wearing a robe (durably summoned, haloed)
You throw a throwing net.
The throwing net completely misses the angel.
The angel misses you. The angel closely misses you.
Casting: Summon Small Mammal
Confirm with . or Enter, or press ? or * to list all spells.
The angel hits you with a sacred scourge of holy wrath! x2
The angel hits you with a sacred scourge of holy wrath!
The angel completely misses you.
Your quokka misses the angel.
Your quokka completely misses the angel.
The angel hits you with a sacred scourge of holy wrath!!
You die...
Kikubaaqudgha rasps: "You have failed me!
Welcome... death!"

....####...............###,#
......##...#######.#.....#.#
##..#.##.... , ....#.#.#.#.#
#..#.##..... ....).......#
##..#,.....### #####.#!#.###
....# ## #.....########
##..# ###........... #..#
#########.########## #..#
#rA@......# # #..#
#.######### # ##..# #.# #
....# #.# * * # #>#.# #.# ,
# #...# #.# * * # .<.## #.#
* * # ..[# #.# , , * # ...#
#.# * *


You could see an angel and a friendly quokka.

Vanquished Creatures
  Pikel (D:4)
  The ghost of solomonrf the Skirmisher, an amateur MiFi (D:4)
  Prince Ribbit (D:5)
  A sky beast (D:5)
  An ice beast (D:2)
  The ghost of F1L1N the Shield-Bearer, an amateur FoFi (D:3)
  A scorpion (D:4)
  2 hounds (D:5)
  An orc wizard (D:3)
  Ijyb (D:3)
  A worker ant (D:5)
  6 gnolls
  7 adders
  3 worms (D:3)
  3 dart slugs
  2 giant geckos
  10 orcs
  A giant cockroach (D:3)
  5 goblins
  11 hobgoblins
  17 jackals
  A ball python (D:3)
  7 bats
  3 giant newts
  7 kobolds
  12 rats
107 creatures vanquished.

Vanquished Creatures (collateral kills)
  An adder (D:3)
  A bat (D:2)
  A jackal (D:5)
  A ball python (D:5)
  A giant cockroach zombie (D:5)
  A giant newt (D:2)
  A rat (D:3)
7 creatures vanquished.

Vanquished Creatures (others)
  A worker ant (D:4)
  An adder (D:4)
  An orc (D:4)
  A giant cockroach (D:4)
4 creatures vanquished.

Grand Total: 118 creatures vanquished

Notes
Turn   | Place    | Note
--------------------------------------------------------------
     0 | D:1      | Kilingo the Deep Dwarf Necromancer began the quest for the Orb.
     0 | D:1      | Reached XP level 1. HP: 15/15 MP: 3/3
     2 | D:1      | Learned a level 1 spell: Animate Skeleton
   223 | D:1      | Reached XP level 2. HP: 22/22 MP: 1/4
   334 | D:1      | Reached skill level 5 in Necromancy
   937 | D:2      | Reached XP level 3. HP: 26/28 MP: 0/6
   988 | D:2      | Learned a level 3 spell: Vampiric Draining
  1111 | D:2      | Found a stormy altar of Qazlal.
  1851 | D:3      | Found a glowing golden altar of the Shining One.
  1873 | D:3      | Found a faded altar to an unknown god.
  1891 | D:3      | Noticed F1L1N's ghost (amateur FoFi)
  1999 | D:3      | Reached XP level 4. HP: 29/36 MP: 1/7
  2111 | D:3      | Reached XP level 5. HP: 38/42 MP: 0/9
  2180 | D:3      | Noticed Ijyb
  2193 | D:3      | Paralysed by Ijyb for 6 turns
  2199 | D:3      | Killed Ijyb
  2209 | D:3      | Learned a level 4 spell: Animate Dead
  2235 | D:3      | Noticed an ice beast
  2265 | D:2      | Killed an ice beast
  2265 | D:2      | Reached skill level 6 in Necromancy
  2496 | D:3      | Found a white marble altar of Elyvilon.
  2602 | D:3      | Reached XP level 6. HP: 41/49 MP: 1/11
  2891 | D:3      | Killed F1L1N's ghost
  3342 | D:4      | Learned a level 1 spell: Summon Small Mammal
  3506 | D:4      | Noticed solomonrf's ghost (amateur MiFi)
  3568 | D:3      | Became a worshipper of the Shining One
  3612 | D:4      | Killed solomonrf's ghost
  3612 | D:4      | Reached skill level 1 in Fighting
  3612 | D:4      | Reached skill level 1 in Armour
  3612 | D:4      | Reached skill level 1 in Summonings
  3612 | D:4      | Reached XP level 7. HP: 21/57 MP: 7/13
  3630 | D:4      | Noticed Pikel
  3635 | D:4      | Was placed under penance by the Shining One
  3639 | D:4      | Fell from the grace of the Shining One
  3653 | D:4      | Killed Pikel
  3653 | D:4      | Reached skill level 1 in Long Blades
  3653 | D:4      | Reached skill level 5 in Spellcasting
  3653 | D:4      | Reached skill level 1 in Evocations
  3653 | D:4      | Reached XP level 8. HP: 16/64 MP: 0/15
  3698 | D:4      | Found a staircase to the Ecumenical Temple.
  3715 | Temple   | Entered the Ecumenical Temple
  3804 | Temple   | Became a worshipper of Kikubaaqudgha
  4373 | D:5      | Entered Level 5 of the Dungeon
  4373 | D:5      | Noticed Prince Ribbit
  4374 | D:5      | Reached skill level 7 in Necromancy
  4409 | D:5      | Killed Prince Ribbit
  4925 | D:5      | Learned a level 4 spell: Control Undead
  5030 | D:5      | Noticed an angel
  5043 | D:5      | Slain by an angel

Vault maps used:
D:1:      evilmike_arrival_crescent, st_stairs_13
D:2:      first_bread, minmay_misc_feat_iff, nicolae_qazlal_general_emergency
D:3:      elyvilon_altar_1, nicolae_overflow_hidden_temple, ecumenical_altar_1,
          uniq_iyjb
D:4:      minmay_temple_entry_purple_smoke, uniq_pikel
D:5:      grunt_temple_overflow_diamond, nicolae_ru_path_of_blood,
          uniq_prince_ribbit1
Temple:   roderic_octagonal_lattice_temple

Skill      XL: |  1  2  3  4  5  6  7  8 |
---------------+-------------------------+-----
Necromancy     | 5 6 7 |  7.5
Spellcasting   | 2 3 4 5 |  5.5
Dodging        | 3 4 |  4.5
Fighting       | 1 |  1.5
Armour         | 1 2 |  2.5
Summonings     | 1 2 |  2.2
Long Blades    | 1 |  1.4
Evocations     | 1 |  1.1
Stealth        | 3 |  3.1
Short Blades   | |  0.1
Slings         | |  0.2
Throwing       | |  0.8

Action                   |  1- 3 |  4- 6 |  7- 9 || total
-------------------------+-------+-------+-------++-------
Melee: Dagger            |    27 |    45 |    16 ||    88
       Falchion          |       |    26 |    35 ||    61
 Fire: Hunting sling     |     1 |     3 |       ||     4
Throw: Stone             |     1 |       |       ||     1
       Tomahawk          |       |    10 |     1 ||    11
       Throwing net      |       |       |     2 ||     2
 Cast: Pain              |    69 |    45 |    17 ||   131
       Animate Skeleton  |     7 |     3 |       ||    10
       Vampiric Draining |     6 |    18 |    13 ||    37
       Animate Dead      |       |     6 |     7 ||    13
       Summon Small Mamm |       |    11 |     6 ||    17
Evoke: Wand              |       |     5 |       ||     5
  Use: Potion            |       |     6 |     6 ||    12
       Scroll            |       |     3 |     2 ||     5
 Stab: Sleeping          |     1 |     2 |     1 ||     4
  Eat: Chunk             |     5 |     7 |     1 ||    13
       Fruit             |       |     1 |     2 ||     3
       Bread ration      |       |       |     1 ||     1
Armor: Robe              |    18 |    16 |       ||    34
       Leather armour    |       |     5 |    31 ||    36
Dodge: Dodged            |    33 |    65 |    60 ||   158
